| TOP OF THE 1ST |
|
Connecticut Tigers batting - Pitching for Everett AquaSox : RHP Luis Castro
|
|
Pitching: RHP Luis Castro
|
|
|
Batting: RHB Emil Wilbrink
|
0-0: Ball 1-0: Called Strike 1-1: Ball 2-1: Swinging Strike 2-2: Foul Ball, location: 2F 2-2: Foul Ball, location: 2F 2-2: Strikes out swinging
|
|
Batting: RHB Tony Soto
|
0-0: Ground out 5-3 (Groundball, 56S, EV 67.5 MPH)
|
|
Batting: LHB Jon Pedlar
|
0-0: Foul Ball, location: 2F 0-1: Swinging Strike 0-2: Fly out, F5 (Popup, 5F, EV 56.2 MPH)
|
| Top of the 1st over - 0 runs, 0 hits, 0 errors, 0 left on base; Connecticut 0 - Everett 0 |
| BOTTOM OF THE 1ST |
|
Everett AquaSox batting - Pitching for Connecticut Tigers : LHP Jim Daum
|
|
Pitching: LHP Jim Daum
|
|
|
Batting: RHB Mike Conaway
|
0-0: Foul Ball, location: 2F 0-1: SINGLE (Groundball, 6MD, EV 107.5 MPH)
|
|
Batting: RHB Enrique Valdez
|
Pickoff Throw to First - Out! 1-3 CS 0-0: Ground out 5-3 (Groundball, 56, EV 85.6 MPH)
|
|
Batting: SHB Hatsuo Miura
|
0-0: Called Strike 0-1: Ball 1-1: Foul Ball, location: 2F 1-2: Fly out, F9 (Flyball, 9, EV 95.0 MPH)
|
| Bottom of the 1st over - 0 runs, 1 hit, 0 errors, 0 left on base; Connecticut 0 - Everett 0 |
| TOP OF THE 2ND |
|
Connecticut Tigers batting - Pitching for Everett AquaSox : RHP Luis Castro
|
|
Batting: LHB Claudio Kamminga
|
0-0: Ball 1-0: Ball 2-0: Ball 3-0: Base on Balls
|
|
Batting: RHB Jeremiah Washington
|
0-0: Ball 1-0: Called Strike 1-1: Swinging Strike 1-2: Foul Ball, location: 2F 1-2: Strikes out looking
|
|
Batting: RHB Gerald de Vries
|
0-0: Swinging Strike 0-1: Foul Ball, location: 2F 0-2: Ball 1-2: Ball 2-2: Ball 3-2: Strikes out looking
|
|
Batting: LHB Glen Boyle
|
0-0: Fly out, F5 (Popup, 5F, EV 67.5 MPH)
|
| Top of the 2nd over - 0 runs, 0 hits, 0 errors, 1 left on base; Connecticut 0 - Everett 0 |
| BOTTOM OF THE 2ND |
|
Everett AquaSox batting - Pitching for Connecticut Tigers : LHP Jim Daum
|
|
Batting: LHB Taki Matsui
|
0-0: Called Strike 0-1: Ball 1-1: Ball 2-1: Ground out 4-3 (Groundball, 34D, EV 87.5 MPH)
|
|
Batting: RHB Ben Herman
|
0-0: Swinging Strike 0-1: Ground out U3 (Groundball, 13, EV 88.1 MPH)
|
|
Batting: LHB Josh Kirk
|
0-0: Ball 1-0: Ball 2-0: SINGLE (Groundball, 6MD, EV 101.9 MPH)
|
|
Batting: RHB Omar Solis
|
0-0: Ball 1-0: Ball 2-0: Called Strike 2-1: Fly out, F8 (Flyball, 8RD, EV 101.9 MPH)
|
| Bottom of the 2nd over - 0 runs, 1 hit, 0 errors, 1 left on base; Connecticut 0 - Everett 0 |
| TOP OF THE 3RD |
|
Connecticut Tigers batting - Pitching for Everett AquaSox : RHP Luis Castro
|
|
Batting: RHB Orlando Blanco
|
0-0: Ground out 4-3 (Groundball, 4, EV 110.6 MPH)
|
|
Batting: RHB Omar del Pino
|
0-0: Ball 1-0: Called Strike 1-1: Ball 2-1: Ground out 6-3 (Groundball, 56, EV 99.4 MPH)
|
|
Batting: RHB Emil Wilbrink
|
0-0: Ball 1-0: Ball 2-0: Fly out, F6 (Popup, 6M, EV 70.6 MPH)
|
| Top of the 3rd over - 0 runs, 0 hits, 0 errors, 0 left on base; Connecticut 0 - Everett 0 |
| BOTTOM OF THE 3RD |
|
Everett AquaSox batting - Pitching for Connecticut Tigers : LHP Jim Daum
|
|
Batting: LHB Addisu Nyamekye
|
0-0: Foul Ball, location: 2F 0-1: Swinging Strike 0-2: SINGLE (Flyball, 7LS, EV 91.2 MPH)
|
|
Batting: LHB Justin Long
|
0-0: Called Strike Addisu Nyamekye steals 2nd base 0-1: Foul Ball, location: 2F 0-2: Fly out, F8 (Line Drive, 8LM, EV 91.9 MPH)
|
|
Batting: RHB Mike Conaway
|
0-0: Ball 1-0: Ball 2-0: Foul Ball, location: 2F 2-1: Called Strike 2-2: Ball 3-2: Ground out 4-3 (Groundball, 4M, EV 81.9 MPH) Addisu Nyamekye to third
|
|
Batting: RHB Enrique Valdez
|
0-0: Called Strike 0-1: Called Strike 0-2: Strikes out swinging
|
| Bottom of the 3rd over - 0 runs, 1 hit, 0 errors, 1 left on base; Connecticut 0 - Everett 0 |
| TOP OF THE 4TH |
|
Connecticut Tigers batting - Pitching for Everett AquaSox : RHP Luis Castro
|
|
Batting: RHB Tony Soto
|
0-0: Called Strike 0-1: Foul Ball, location: 2F 0-2: Ball 1-2: Strikes out looking
|
|
Batting: LHB Jon Pedlar
|
0-0: Ball 1-0: Foul Ball, location: 2F 1-1: Ball 2-1: Swinging Strike 2-2: Strikes out swinging
|
|
Batting: LHB Claudio Kamminga
|
0-0: Ball 1-0: Ball 2-0: Called Strike 2-1: Foul Ball, location: 2F 2-2: Ball 3-2: Strikes out swinging
|
| Top of the 4th over - 0 runs, 0 hits, 0 errors, 0 left on base; Connecticut 0 - Everett 0 |
| BOTTOM OF THE 4TH |
|
Everett AquaSox batting - Pitching for Connecticut Tigers : LHP Jim Daum
|
|
Batting: SHB Hatsuo Miura
|
0-0: Ball 1-0: Called Strike 1-1: Foul Ball, location: 2F 1-2: Strikes out looking
|
|
Batting: LHB Taki Matsui
|
0-0: Called Strike 0-1: Ball 1-1: Called Strike 1-2: Fly out, F9 (Flyball, 89M, EV 87.5 MPH)
|
|
Batting: RHB Ben Herman
|
0-0: Ball 1-0: Foul Ball, location: 2F 1-1: Foul Ball, location: 2F 1-2: SINGLE (Flyball, 4MD, EV 88.8 MPH)
|
|
Batting: LHB Josh Kirk
|
0-0: Ball 1-0: Swinging Strike 1-1: Ball 2-1: Foul Ball, location: 2F 2-2: Strikes out swinging
|
| Bottom of the 4th over - 0 runs, 1 hit, 0 errors, 1 left on base; Connecticut 0 - Everett 0 |
| TOP OF THE 5TH |
|
Connecticut Tigers batting - Pitching for Everett AquaSox : RHP Luis Castro
|
|
Batting: RHB Jeremiah Washington
|
0-0: Ball 1-0: Foul Ball, location: 2F 1-1: Called Strike 1-2: Foul Ball, location: 2F 1-2: Foul Ball, location: 2F 1-2: Foul Ball, location: 2F 1-2: Foul Ball, location: 2F 1-2: Fly out, F7 (Flyball, 78M, EV 85.6 MPH)
|
|
Batting: RHB Gerald de Vries
|
0-0: Foul Ball, location: 2F 0-1: Ball 1-1: Foul Ball, location: 2F 1-2: Ball 2-2: Ball 3-2: Reached on error, E2 (Groundball, 2L, EV 71.2 MPH)
|
|
Batting: LHB Glen Boyle
|
0-0: Ball 1-0: Foul Ball, location: 2F 1-1: Ground out 6-3 (Groundball, 6M, EV 86.9 MPH) Gerald de Vries to third
|
|
Batting: RHB Orlando Blanco
|
0-0: Fly out, F7 (Flyball, 78S, EV 82.5 MPH)
|
| Top of the 5th over - 0 runs, 0 hits, 1 error, 1 left on base; Connecticut 0 - Everett 0 |
| BOTTOM OF THE 5TH |
|
Everett AquaSox batting - Pitching for Connecticut Tigers : LHP Jim Daum
|
|
Batting: RHB Omar Solis
|
0-0: SINGLE (Groundball, 25, EV 66.2 MPH) (infield hit)
|
|
Batting: LHB Addisu Nyamekye
|
0-0: Ball 1-0: Fielders Choice at 2nd, 3-6 (Groundball, 3, EV 88.1 MPH)
|
|
Batting: LHB Justin Long
|
0-0: Ball 1-0: Called Strike 1-1: Ball 2-1: Swinging Strike Passed Ball! Addisu Nyamekye to second 2-2: Strikes out looking
|
|
Batting: RHB Mike Conaway
|
0-0: Called Strike 0-1: Swinging Strike 0-2: Foul Ball, location: 2F 0-2: Ball 1-2: Ball 2-2: SINGLE (Line Drive, 78S, EV 93.8 MPH) Addisu Nyamekye to third Runner from 3rd tries for Home, SAFE, throw by LF to home
|
|
Batting: RHB Enrique Valdez
|
0-0: Ball Mike Conaway steals 2nd base 1-0: Foul Ball, location: 2F 1-1: DOUBLE (Groundball, 5L, EV 104.4 MPH) Mike Conaway scores
|
|
Batting: SHB Hatsuo Miura
|
0-0: Ball 1-0: Reached on error, E5 (Groundball, 56, EV 75.0 MPH) Enrique Valdez to third
|
|
Batting: LHB Taki Matsui
|
Pickoff Throw to First - Out! 1-3
|
| Bottom of the 5th over - 2 runs, 3 hits, 1 error, 1 left on base; Connecticut 0 - Everett 2 |
| TOP OF THE 6TH |
|
Connecticut Tigers batting - Pitching for Everett AquaSox : RHP Luis Castro
|
|
Batting: RHB Omar del Pino
|
0-0: Called Strike 0-1: Ground out 4-3 (Groundball, 34, EV 104.4 MPH)
|
|
Batting: RHB Emil Wilbrink
|
0-0: Ball 1-0: Foul Ball, location: 2F 1-1: Ground out 4-3 (Groundball, 4, EV 91.9 MPH)
|
|
Batting: RHB Tony Soto
|
0-0: Ball 1-0: Swinging Strike 1-1: DOUBLE (Flyball, 89XD, EV 109.4 MPH)
|
|
Batting: LHB Jon Pedlar
|
Balk! Tony Soto to third 0-0: Ball 1-0: Swinging Strike 1-1: Called Strike 1-2: Ball Wild Pitch! Tony Soto scores 2-2: Strikes out swinging
|
| Top of the 6th over - 1 run, 1 hit, 0 errors, 0 left on base; Connecticut 1 - Everett 2 |
| BOTTOM OF THE 6TH |
|
Everett AquaSox batting - Pitching for Connecticut Tigers : LHP Jim Daum
|
|
Batting: LHB Taki Matsui
|
0-0: Called Strike 0-1: Foul Ball, location: 2F 0-2: Foul Ball, location: 2F 0-2: Strikes out swinging
|
|
Batting: RHB Ben Herman
|
0-0: Ball 1-0: Swinging Strike 1-1: Ball 2-1: Foul Ball, location: 2F 2-2: Ball 3-2: Base on Balls
|
|
Batting: LHB Josh Kirk
|
0-0: Swinging Strike 0-1: Foul Ball, location: 2F 0-2: Strikes out looking
|
|
Batting: RHB Omar Solis
|
0-0: Ball Ben Herman steals 2nd base 1-0: Ground out 3-1 (Groundball, 34, EV 87.5 MPH)
|
| Bottom of the 6th over - 0 runs, 0 hits, 0 errors, 1 left on base; Connecticut 1 - Everett 2 |
| TOP OF THE 7TH |
|
Connecticut Tigers batting - Pitching for Everett AquaSox : RHP Luis Castro
|
|
Pitching: RHP Marty Maginnis
|
|
|
Batting: LHB Claudio Kamminga
|
0-0: Swinging Strike 0-1: Ball 1-1: Ground out 6-3 (Groundball, 4M, EV 111.2 MPH)
|
|
Batting: RHB Jeremiah Washington
|
0-0: Ball 1-0: Ball 2-0: Ball 3-0: Base on Balls
|
|
Batting: RHB Gerald de Vries
|
0-0: Called Strike 0-1: Swinging Strike 0-2: Foul Ball, location: 2F 0-2: Foul Ball, location: 2F 0-2: Foul Ball, location: 2F 0-2: Foul Ball, location: 2F 0-2: Foul Ball, location: 2F 0-2: Ball 1-2: Strikes out looking
|
|
Batting: LHB Glen Boyle
|
Pickoff Throw to First - Error! E1 Jeremiah Washington to second 0-0: Ball 1-0: Foul Ball, location: 2F 1-1: DOUBLE (Groundball, 5L, EV 105.0 MPH) Jeremiah Washington scores
|
|
Pinch Hitting: LHB Andy Sanchez
|
0-0: Fly out, F8 (Flyball, 8LD, EV 95.6 MPH)
|
| Top of the 7th over - 1 run, 1 hit, 1 error, 1 left on base; Connecticut 2 - Everett 2 |
| BOTTOM OF THE 7TH |
|
Everett AquaSox batting - Pitching for Connecticut Tigers : LHP Jim Daum
|
|
Now at SS: Duri Chilemba
|
|
|
Batting: LHB Addisu Nyamekye
|
0-0: Ball 1-0: Ball 2-0: Fly out, F7 (Flyball, 7LSF, EV 90.6 MPH)
|
|
Batting: LHB Justin Long
|
0-0: Ball 1-0: Ball 2-0: Foul Ball, location: 2F 2-1: Ball 3-1: Swinging Strike 3-2: Strikes out swinging
|
|
Batting: RHB Mike Conaway
|
0-0: Ball 1-0: Called Strike 1-1: Called Strike 1-2: Ball 2-2: SINGLE (Groundball, 56D, EV 94.4 MPH)
|
|
Batting: RHB Enrique Valdez
|
0-0: Called Strike Mike Conaway steals 2nd base (no throw) 0-1: Foul Ball, location: 2F 0-2: SINGLE (Groundball, 6MD, EV 96.9 MPH) Mike Conaway to third Runner from 3rd tries for Home, SAFE, throw by CF to home
|
|
Batting: SHB Hatsuo Miura
|
0-0: Called Strike Enrique Valdez steals 2nd base 0-1: Foul Ball, location: 2F 0-2: Ball 1-2: Foul Ball, location: 2F 1-2: Foul Ball, location: 2F 1-2: Foul Ball, location: 2F 1-2: SINGLE (Line Drive, 34D, EV 98.8 MPH) Enrique Valdez to third Runner from 3rd tries for Home, SAFE, throw by RF to home
|
|
Pitching: RHP Ruud Reintjens
|
|
|
Batting: LHB Taki Matsui
|
0-0: Called Strike 0-1: Foul Ball, location: 2F 0-2: Ball 1-2: Foul Ball, location: 2F 1-2: Foul Ball, location: 2F 1-2: Strikes out swinging
|
| Bottom of the 7th over - 2 runs, 3 hits, 0 errors, 1 left on base; Connecticut 2 - Everett 4 |
| TOP OF THE 8TH |
|
Connecticut Tigers batting - Pitching for Everett AquaSox : RHP Marty Maginnis
|
|
Pinch Hitting: LHB Bobby Adams
|
0-0: Ball 1-0: Ground out 4-3 (Groundball, 4M, EV 109.4 MPH)
|
|
Batting: RHB Emil Wilbrink
|
0-0: Ball 1-0: Ball 2-0: Ball 3-0: Ground out 4-3 (Groundball, 4, EV 109.4 MPH)
|
|
Batting: RHB Tony Soto
|
0-0: Swinging Strike 0-1: Ball 1-1: Ball 2-1: Foul Ball, location: 2F 2-2: Strikes out swinging
|
| Top of the 8th over - 0 runs, 0 hits, 0 errors, 0 left on base; Connecticut 2 - Everett 4 |
| BOTTOM OF THE 8TH |
|
Everett AquaSox batting - Pitching for Connecticut Tigers : RHP Ruud Reintjens
|
|
Now in LF: Bobby Adams
|
|
|
Now in CF: Emil Wilbrink
|
|
|
Now in RF: Gerald de Vries
|
|
|
Batting: RHB Ben Herman
|
0-0: Ball 1-0: Ball 2-0: Reached on error, E3 (Groundball, 3L, EV 83.8 MPH)
|
|
Batting: LHB Josh Kirk
|
0-0: Ball 1-0: Ball Ben Herman steals 2nd base 2-0: Intentional Walk
|
|
Batting: RHB Omar Solis
|
0-0: Ball 1-0: Ball 2-0: Bunt missed! 2-1: Bunted foul 2-2: Reached on error, E5 (Groundball, 5S, EV 66.2 MPH) Ben Herman to third Josh Kirk to second
|
|
Batting: LHB Addisu Nyamekye
|
0-0: Swinging Strike 0-1: Ball 1-1: Swinging Strike 1-2: Ball 2-2: Ball 3-2: SINGLE (Groundball, 56, EV 100.6 MPH) Ben Herman scores Josh Kirk to third Omar Solis to second
|
|
Batting: LHB Justin Long
|
0-0: Grounds into fielders choice 4-2 (Groundball, 4, EV 85.6 MPH) Omar Solis to third Addisu Nyamekye to second
|
|
Batting: RHB Mike Conaway
|
0-0: Ball 1-0: Ball 2-0: Ball 3-0: Base on Balls Omar Solis scores Addisu Nyamekye to third Justin Long to second
|
|
Batting: RHB Enrique Valdez
|
0-0: Ball 1-0: Ball Passed Ball! Addisu Nyamekye scores Justin Long to third Mike Conaway to second 2-0: Ball 3-0: Base on Balls
|
|
Batting: SHB Hatsuo Miura
|
0-0: Foul Ball, location: 2F 0-1: Ball 1-1: Ball 2-1: Ball 3-1: Called Strike 3-2: GRAND SLAM HOME RUN (Line Drive, 8RXD, EV 110.0 MPH), Distance : 445 ft
|
|
Pitching: RHP John Harrell
|
|
|
Batting: LHB Taki Matsui
|
0-0: Called Strike 0-1: Fly out, F6 (Popup, 4M, EV 62.5 MPH)
|
|
Batting: RHB Ben Herman
|
0-0: SINGLE (Line Drive, 4MD, EV 106.9 MPH)
|
|
Batting: LHB Josh Kirk
|
0-0: Called Strike 0-1: Ball 1-1: Foul Ball, location: 2F 1-2: Ball 2-2: Strikes out looking
|
| Bottom of the 8th over - 7 runs, 3 hits, 2 errors, 1 left on base; Connecticut 2 - Everett 11 |
| TOP OF THE 9TH |
|
Connecticut Tigers batting - Pitching for Everett AquaSox : RHP Marty Maginnis
|
|
Batting: LHB Jon Pedlar
|
0-0: Called Strike 0-1: Ball 1-1: Ball 2-1: Ball 3-1: Called Strike 3-2: Strikes out swinging
|
|
Pinch Hitting: SHB Ryan Clark
|
0-0: Ground out U3 (Groundball, 3L, EV 88.1 MPH)
|
|
Pinch Hitting: RHB Miguel Verduzco
|
0-0: Ball 1-0: Ball 2-0: Called Strike 2-1: Called Strike 2-2: Ground out 5-3 (Groundball, 56, EV 90.0 MPH)
|
| Top of the 9th over - 0 runs, 0 hits, 0 errors, 0 left on base; Connecticut 2 - Everett 11 |
|